[Event "Int SVK-ch Open 2020"]
[Site "Drienica"]
[Date "2020.08.07"]
[Round "1.1"]
[White "Panko, Radoslav"]
[Black "Budjac, Martin"]
[Result "1-0"]
[ECO "A01"]
[WhiteElo "2039"]
[BlackElo "1657"]
[Annotator "ChessBase"]
[PlyCount "49"]
[EventDate "2020.08.07"]
[EventType "swiss"]
[EventCountry "SVK"]
[SourceTitle "playchess.com"]
[Source "ChessBase"]
[SourceQuality "1"]
[TimeControl "40/5400+30:1800+30"]

1. b3 d5 2. Bb2 e6 3. e3 Nf6 4. Nf3 c5 5. d4 Nc6 6. Nbd2 Be7 7. Bd3 Bd7 8. a3 O-O 9. O-O cxd4 10. exd4 a6 11. Ne5 b5 12. f4 Qc7 13. Qe2 Ne8 14. Rf3 f5 15. Re1 Rf6 16. g4 fxg4 17. Nxg4 Rxf4 18. Rh3 e5 19. Bxh7+ Kf8 20. Bg6 Kg8 21. Nxe5 Bxh3 22. Qh5 Rg4+ 23. Nxg4 Bxg4 24. Qh7+ Kf8 25. Qh8# 1-0

[Event "Int SVK-ch Open 2020"]
[Site "Drienica"]
[Date "2020.08.07"]
[Round "1.1"]
[White "Bakalar Jan"]
[Black "Bures Jaroslav"]
[Result "0-1"]
[ECO "B47"]
[WhiteElo "1889"]
[BlackElo "2396"]
[Annotator "ChessBase"]
[PlyCount "58"]
[EventDate "2020.08.07"]
[EventType "swiss"]
[EventCountry "SVK"]
[SourceTitle "playchess.com"]
[Source "ChessBase"]
[SourceQuality "1"]
[TimeControl "40/5400+30:1800+30"]

1. e4 c5 2. Nf3 e6 3. d4 cxd4 4. Nxd4 Nc6 5. Nc3 Qc7 6. g3 d6 7. Bg2 Bd7 8. O-O Nf6 9. Kh1 Be7 10. f4 a6 11. f5 Rc8 12. fxe6 fxe6 13. Nxc6 Bxc6 14. Be3 b5 15. a3 Qb7 16. Rxf6 Bxf6 17. Qxd6 Qe7 18. Qd2 O-O 19. Rb1 Bxc3 20. bxc3 Qxa3 21. Rb4 Qa1+ 22. Bg1 Ba8 23. Qd7 Qxc3 24. Qxe6+ Kh8 25. Rd4 a5 26. Rd7 Rce8 27. Qg4 Rd8 28. Re7 Qa1 29. Bf3 Qf6 0-1

[Event "Int SVK-ch Open 2020"]
[Site "Drienica"]
[Date "2020.08.07"]
[Round "1.2"]
[White "Czebe Attila"]
[Black "Marsina Stefan"]
[Result "1-0"]
[ECO "C00"]
[WhiteElo "2378"]
[BlackElo "1880"]
[Annotator "RC"]
[PlyCount "95"]
[EventDate "2020.08.07"]
[EventType "swiss"]
[EventCountry "SVK"]
[SourceTitle "playchess.com"]
[Source "ChessBase"]
[SourceQuality "1"]
[TimeControl "40/5400+30:1800+30"]

1. e4 e6 2. Qe2 c5 3. g3 g6 4. Bg2 Nc6 5. Nf3 Bg7 6. O-O Nge7 7. c3 O-O 8. d4 cxd4 9. cxd4 Nxd4 10. Nxd4 Bxd4 11. Nc3 Bg7 12. Nb5 d5 13. Rd1 a6 14. Nc3 d4 15. e5 Qa5 16. Rxd4 Qxe5 17. Re4 Qa5 18. Ra4 Qc7 19. Rc4 Nc6 20. Bf4 e5 21. Be3 Be6 22. Bd5 Rad8 23. Bxe6 fxe6 24. Ne4 Rd5 25. Rac1 Rfd8 26. Qg4 Qf7 27. Bb6 Rf8 28. Ng5 Qf5 29. Nxe6 Qxg4 30. Rxg4 Rf6 31. Nxg7 Kxg7 32. Be3 Rfd6 33. Kg2 Rd1 34. Rc3 Kf6 35. Rgc4 Ke6 36. Re4 R1d3 37. Rc2 Kf5 38. Rec4 Ke6 39. Re2 Rd1 40. Rc3 R6d3 41. Rc4 Kd5 42. b3 Kd6 43. Rh4 h5 44. Re4 Rd5 45. Rc2 Ke6 46. Ra4 Rb5 47. Rc3 Rb4 48. Rxc6+ 1-0

[Event "Int SVK-ch Open 2020"]
[Site "Drienica"]
[Date "2020.08.07"]
[Round "1.2"]
[White "Cisarik, Pavol"]
[Black "Varga, Lukas"]
[Result "0-1"]
[ECO "B22"]
[WhiteElo "1646"]
[BlackElo "2036"]
[Annotator "ChessBase"]
[PlyCount "36"]
[EventDate "2020.08.07"]
[EventType "swiss"]
[EventCountry "SVK"]
[SourceTitle "playchess.com"]
[Source "ChessBase"]
[SourceQuality "1"]
[TimeControl "40/5400+30:1800+30"]

1. e4 c5 2. c3 d5 3. exd5 Qxd5 4. Nf3 Nf6 5. d4 Bg4 6. Be2 e6 7. c4 Qd7 8. Be3 cxd4 9. Qxd4 Qc7 10. Nc3 Nc6 11. Nb5 Qb8 12. Bf4 Nxd4 13. Bxb8 Nxb5 14. Be5 Nd6 15. O-O-O Nde4 16. Rhf1 Bc5 17. Nd4 Bxd4 18. Bxg4 Bxe5 0-1

[Event "Int SVK-ch Open 2020"]
[Site "Drienica"]
[Date "2020.08.07"]
[Round "1.3"]
[White "Garancovsky, Pavol"]
[Black "Ivanecka, Natalia"]
[Result "1-0"]
[ECO "A45"]
[WhiteElo "2027"]
[BlackElo "1641"]
[Annotator "ChessBase"]
[PlyCount "43"]
[EventDate "2020.08.07"]
[EventType "swiss"]
[EventCountry "SVK"]
[SourceTitle "playchess.com"]
[Source "ChessBase"]
[SourceQuality "1"]
[TimeControl "40/5400+30:1800+30"]

1. d4 Nf6 2. g3 e6 3. Bg2 d5 4. Nf3 c5 5. O-O Nbd7 6. c4 Be7 7. cxd5 Nxd5 8. e4 N5f6 9. Nc3 cxd4 10. Qxd4 Bc5 11. Qa4 O-O 12. Bg5 Qb6 13. Qc2 Qc6 14. Rad1 h6 15. Bc1 e5 16. Nd5 Re8 17. Nh4 Nf8 18. Nxf6+ gxf6 19. Qe2 Nh7 20. Nf5 Bf8 21. Qh5 Ng5 22. h4 1-0

[Event "Int SVK-ch Open 2020"]
[Site "Drienica"]
[Date "2020.08.07"]
[Round "1.3"]
[White "Nandrazi Dominik"]
[Black "Manik Mikulas"]
[Result "0-1"]
[ECO "D01"]
[WhiteElo "1878"]
[BlackElo "2366"]
[Annotator "ChessBase"]
[PlyCount "102"]
[EventDate "2020.08.07"]
[EventType "swiss"]
[EventCountry "SVK"]
[SourceTitle "playchess.com"]
[Source "ChessBase"]
[SourceQuality "1"]
[TimeControl "40/5400+30:1800+30"]

1. d4 Nf6 2. Nc3 d5 3. Bg5 c6 4. Bxf6 exf6 5. Nf3 Qb6 6. Rb1 f5 7. e3 g6 8. Be2 Bg7 9. b4 O-O 10. O-O a6 11. a4 Qc7 12. Re1 a5 13. b5 Be6 14. Ng5 Nd7 15. Bf3 Nf6 16. Ne2 Bd7 17. bxc6 bxc6 18. Nh3 Rfb8 19. Nhf4 Rxb1 20. Qxb1 g5 21. Nh5 g4 22. Nxf6+ Bxf6 23. Bxd5 cxd5 24. Nf4 Qc4 25. Qb7 Bc6 26. Qc7 Bxa4 27. Qd6 Qc6 28. Qa3 Bb5 29. h3 gxh3 30. e4 dxe4 31. Qg3+ Kh8 32. Qxh3 Re8 33. d5 Qc3 34. Re3 Qa1+ 35. Kh2 Qe5 36. Qh6 Qxf4+ 37. Qxf4 Be5 38. Qxe5+ Rxe5 39. Ra3 a4 40. c4 Bxc4 41. Rxa4 Bxd5 42. Kg3 e3 43. fxe3 Rxe3+ 44. Kf2 Re4 45. Ra5 Be6 46. Kf3 Kg7 47. g3 h5 48. Ra1 h4 49. gxh4 Rxh4 50. Kg3 Rg4+ 51. Kf2 f4 0-1

[Event "Int SVK-ch Open 2020"]
[Site "Drienica"]
[Date "2020.08.07"]
[Round "1.4"]
[White "Orsag Milan"]
[Black "Zahradnik Vladimir"]
[Result "1/2-1/2"]
[ECO "E16"]
[WhiteElo "2300"]
[BlackElo "1874"]
[Annotator "RC"]
[PlyCount "98"]
[EventDate "2020.08.07"]
[EventType "swiss"]
[EventCountry "SVK"]
[SourceTitle "playchess.com"]
[Source "ChessBase"]
[SourceQuality "1"]
[TimeControl "40/5400+30:1800+30"]

1. d4 Nf6 2. Nf3 b6 3. g3 Bb7 4. Bg2 e6 5. c4 Bb4+ 6. Bd2 Bxd2+ 7. Nbxd2 O-O 8. Qc2 d5 9. O-O Na6 10. cxd5 exd5 11. Rac1 c5 12. a3 Ne4 13. dxc5 Naxc5 14. b4 Ne6 15. Ne5 Nd4 16. Qd3 Nxd2 17. Qxd2 Nb3 18. Qd3 Nxc1 19. Rxc1 Qe7 20. Nf3 Rac8 21. Rd1 Rc4 22. Nd4 Rfc8 23. Bh3 Rd8 24. e3 g6 25. Bg2 a6 26. h4 Qc7 27. Ne2 b5 28. h5 Kg7 29. Nd4 Qe5 30. Bf3 Rdc8 31. Qd2 h6 32. hxg6 fxg6 33. Kg2 Re8 34. Rh1 Bc8 35. g4 Qg5 36. Kg3 h5 37. Rh4 Bd7 38. Be2 Qe5+ 39. f4 Qxe3+ 40. Qxe3 Rxe3+ 41. Kf2 Rxa3 42. Bxc4 dxc4 43. gxh5 gxh5 44. Rxh5 a5 45. Rd5 Be8 46. bxa5 Rxa5 47. Rc5 Ra3 48. Nxb5 Bxb5 49. Rxb5 Rb3 1/2-1/2

[Event "Int SVK-ch Open 2020"]
[Site "Drienica"]
[Date "2020.08.07"]
[Round "1.5"]
[White "Geffert Peter"]
[Black "Istona Martin"]
[Result "0-1"]
[ECO "B54"]
[WhiteElo "1857"]
[BlackElo "2267"]
[Annotator "RC"]
[PlyCount "60"]
[EventDate "2020.08.07"]
[EventType "swiss"]
[EventCountry "SVK"]
[SourceTitle "playchess.com"]
[Source "ChessBase"]
[SourceQuality "1"]
[TimeControl "40/5400+30:1800+30"]

1. e4 c5 2. Nf3 d6 3. d4 cxd4 4. Nxd4 e6 5. Nc3 a6 6. Be3 Ne7 7. Bc4 Nec6 8. O-O Be7 9. Qd2 O-O 10. Rad1 b5 11. Bb3 Nxd4 12. Bxd4 Nc6 13. Ne2 Bb7 14. Be3 Ne5 15. f3 Qc7 16. Nf4 Rfc8 17. Qf2 a5 18. Qg3 Bf8 19. c3 a4 20. Nxe6 fxe6 21. Bxe6+ Kh8 22. f4 Nc4 23. Bd4 Bxe4 24. f5 d5 25. Qg5 Bc5 26. f6 Bxd4+ 27. Rxd4 Rf8 28. Bxd5 Bxd5 29. Qxd5 Ne3 30. fxg7+ Qxg7 0-1

[Event "Int SVK-ch Open 2020"]
[Site "Drienica"]
[Date "2020.08.07"]
[Round "1.6"]
[White "Juhar Roman"]
[Black "Stanko Ivan"]
[Result "1/2-1/2"]
[ECO "D53"]
[WhiteElo "2225"]
[BlackElo "1848"]
[Annotator "RC"]
[PlyCount "201"]
[EventDate "2020.08.07"]
[EventType "swiss"]
[EventCountry "SVK"]
[SourceTitle "playchess.com"]
[Source "ChessBase"]
[SourceQuality "1"]
[TimeControl "40/5400+30:1800+30"]

1. d4 Nf6 2. c4 Nc6 3. Nc3 e6 4. a3 d5 5. Bg5 Be7 6. e3 O-O 7. Nf3 b6 8. Rc1 Na5 9. cxd5 exd5 10. Ne5 c5 11. Bb5 Be6 12. O-O a6 13. Nc6 Nxc6 14. Bxc6 Rc8 15. Bb7 Rc7 16. Bxa6 Ra7 17. Bb5 c4 18. Qf3 h6 19. Bxf6 Bxf6 20. Bc6 Ra5 21. Rfd1 Qd6 22. Bb5 Rd8 23. e4 Bg5 24. Rc2 Rxb5 25. Nxb5 Qd7 26. Nc3 Bg4 27. Qg3 Bxd1 28. Nxd1 Qa4 29. Qc3 dxe4 30. Ne3 b5 31. g3 Bf6 32. Rd2 Qa7 33. Qb4 Rxd4 34. Rxd4 Bxd4 35. Qxb5 Bxe3 36. Qe8+ Kh7 37. Qxe4+ Kg8 38. Qe8+ Kh7 39. Qxe3 Qb7 40. Qe2 Qd5 41. h3 g6 42. Kh2 Qb5 43. Qc2 Kg8 44. Kg1 Kf8 45. Qc3 Kg8 46. Kf1 Qd5 47. Ke2 Qe4+ 48. Kd2 Qf5 49. Ke3 Qc5+ 50. Qd4 Qg5+ 51. Ke2 Qb5 52. Kd2 Qa5+ 53. Kc2 Qa4+ 54. Kb1 Qb3 55. Qc3 Qd1+ 56. Ka2 Qf1 57. g4 Qe2 58. f4 Qe4 59. Qd2 h5 60. gxh5 gxh5 61. Qd8+ Kh7 62. Qg5 Qf3 63. Qf5+ Kg7 64. Qe5+ Kh7 65. Qf5+ Kg7 66. h4 Qb3+ 67. Ka1 Qd1+ 68. Qb1 Qg4 69. a4 Qxf4 70. a5 Qd4 71. Qe1 Qc5 72. Qg3+ Kf8 73. Qg5 Qd4 74. Qh6+ Ke8 75. Qxh5 c3 76. bxc3 Qxc3+ 77. Kb1 Qb3+ 78. Kc1 Qc3+ 79. Kd1 Qd3+ 80. Ke1 Qc3+ 81. Kf1 Qc1+ 82. Kf2 Qf4+ 83. Kg2 Qe4+ 84. Kg3 Qe1+ 85. Kf4 Qb4+ 86. Kf3 Qc3+ 87. Kg4 Qb4+ 88. Kg3 Qe1+ 89. Kg2 Qd2+ 90. Kf1 Qc1+ 91. Kf2 Qf4+ 92. Ke1 Qb4+ 93. Kd1 Qd4+ 94. Kc2 Qc4+ 95. Kd2 Qd4+ 96. Ke2 Qe4+ 97. Kf2 Qf4+ 98. Qf3 Qxh4+ 99. Qg3 Qxg3+ 100. Kxg3 Kd7 101. Kf4 1/2-1/2

[Event "Int SVK-ch Open 2020"]
[Site "Drienica"]
[Date "2020.08.07"]
[Round "1.6"]
[White "Janik, Marek Tobias"]
[Black "Bednar, Jan"]
[Result "1/2-1/2"]
[ECO "A38"]
[WhiteElo "1600"]
[BlackElo "2018"]
[Annotator "ChessBase"]
[PlyCount "59"]
[EventDate "2020.08.07"]
[EventType "swiss"]
[EventCountry "SVK"]
[SourceTitle "playchess.com"]
[Source "ChessBase"]
[SourceQuality "1"]
[TimeControl "40/5400+30:1800+30"]

1. c4 c5 2. g3 Nc6 3. Bg2 g6 4. Nc3 Bg7 5. Nf3 Nf6 6. d3 O-O 7. O-O d5 8. cxd5 Nxd5 9. Bd2 b6 10. Nxd5 Qxd5 11. Bc3 Qd6 12. Bxg7 Kxg7 13. d4 cxd4 14. Nxd4 Nxd4 15. Bxa8 Ba6 16. Bf3 Nxf3+ 17. exf3 Bxf1 18. Kxf1 Rc8 19. Qe2 Rc5 20. Rd1 Qc7 21. Rd2 h5 22. Kg2 b5 23. b4 Rc4 24. a3 a6 25. Qe3 e6 26. Rd3 e5 27. Rd5 Rc3 28. Rd3 Rc1 29. Rd5 Rc3 30. Rd3 1/2-1/2

[Event "Int SVK-ch Open 2020"]
[Site "Drienica"]
[Date "2020.08.07"]
[Round "1.7"]
[White "Sevcikova, Lucia"]
[Black "Lehocz, Jozsef Jr."]
[Result "1/2-1/2"]
[ECO "B22"]
[WhiteElo "2017"]
[BlackElo "1596"]
[Annotator "ChessBase"]
[PlyCount "85"]
[EventDate "2020.08.07"]
[EventType "swiss"]
[EventCountry "SVK"]
[SourceTitle "playchess.com"]
[Source "ChessBase"]
[SourceQuality "1"]
[TimeControl "40/5400+30:1800+30"]

1. e4 c5 2. c3 Nf6 3. e5 Nd5 4. d4 cxd4 5. cxd4 d6 6. Nf3 Nc6 7. Be2 Bg4 8. O-O e6 9. Re1 Be7 10. Nc3 Nxc3 11. bxc3 O-O 12. Bf4 dxe5 13. Nxe5 Bxe2 14. Qxe2 Nxe5 15. Bxe5 Bd6 16. Rab1 b6 17. Qg4 Bxe5 18. Rxe5 Rc8 19. Re3 Qf6 20. Rbe1 Rfd8 21. Rg3 Rd5 22. Qe4 Qf5 23. Qe2 Ra5 24. c4 Qf4 25. Rd1 Ra4 26. Rc3 b5 27. Rf3 Qd6 28. c5 Qd5 29. Qxb5 Rxd4 30. Rf1 Qxc5 31. Qb7 Qc7 32. Rb3 Rd7 33. Qa6 Rd6 34. Qb7 Rd7 35. Qa6 Rd6 36. Qb7 Rb6 37. Rxb6 axb6 38. Qxc7 Rxc7 39. g3 g6 40. Rb1 Rc6 41. Rb5 Kf8 42. a4 Ke7 43. a5 1/2-1/2

[Event "Int SVK-ch Open 2020"]
[Site "Drienica"]
[Date "2020.08.07"]
[Round "1.7"]
[White "Bujna Martin"]
[Black "Hros Roman"]
[Result "1/2-1/2"]
[ECO "A60"]
[WhiteElo "1841"]
[BlackElo "2203"]
[Annotator "ChessBase"]
[PlyCount "46"]
[EventDate "2020.08.07"]
[EventType "swiss"]
[EventCountry "SVK"]
[SourceTitle "playchess.com"]
[Source "ChessBase"]
[SourceQuality "1"]
[TimeControl "40/5400+30:1800+30"]

1. d4 Nf6 2. c4 c5 3. d5 e6 4. Nc3 exd5 5. Nxd5 Nxd5 6. Qxd5 Nc6 7. Nf3 Be7 8. e4 O-O 9. Be2 d6 10. O-O Bg4 11. h3 Bxf3 12. Bxf3 Qc7 13. Bf4 Rad8 14. Qxc5 dxc5 15. Bxc7 Rd2 16. b3 Bf6 17. e5 Nxe5 18. Bxe5 Bxe5 19. Rad1 Rfd8 20. Rxd2 Rxd2 21. Rd1 Rxd1+ 22. Bxd1 Kf8 23. Kf1 Ke7 1/2-1/2

[Event "Int SVK-ch Open 2020"]
[Site "Drienica"]
[Date "2020.08.07"]
[Round "1.8"]
[White "Mrvova Alena"]
[Black "Tomanek Rafael"]
[Result "1-0"]
[ECO "B13"]
[WhiteElo "2188"]
[BlackElo "1835"]
[Annotator "RC"]
[PlyCount "121"]
[EventDate "2020.08.07"]
[EventType "swiss"]
[EventCountry "SVK"]
[SourceTitle "playchess.com"]
[Source "ChessBase"]
[SourceQuality "1"]
[TimeControl "40/5400+30:1800+30"]

1. e4 c6 2. d4 d5 3. exd5 cxd5 4. Nf3 Nc6 5. c3 Nf6 6. Bb5 Qb6 7. Bd3 Bg4 8. O-O e6 9. h3 Bh5 10. Nbd2 Bd6 11. b4 O-O 12. a4 Qc7 13. Qb3 Bg6 14. Bxg6 hxg6 15. Ba3 Rfc8 16. Rfe1 a6 17. Rac1 b5 18. a5 Bf4 19. Re2 Ne7 20. Rc2 Qb7 21. Nf1 Ne4 22. Ne1 Rc6 23. Nd3 Bd6 24. Nc5 Nxc5 25. dxc5 Bf4 26. g3 Bb8 27. Nd2 Rc8 28. Nf3 Nc6 29. Bc1 Bc7 30. Ra2 Re8 31. Qd1 Rac8 32. Qd3 Qb8 33. Ng5 Bd8 34. Qxd5 Bf6 35. Qf3 Rcd8 36. Bf4 Qc8 37. Re1 Bxg5 38. Bxg5 Rd5 39. Bf4 Qd7 40. Bd6 Ne7 41. g4 Nc8 42. Bg3 Rd8 43. Qe4 Rd3 44. Rc2 Qd5 45. c4 Qd4 46. Qxd4 R8xd4 47. cxb5 axb5 48. Rb1 f6 49. c6 Kf7 50. Rc5 Rd5 51. Bb8 Rxh3 52. Bg3 Rh8 53. Rbc1 Rhd8 54. Bc7 Rd1+ 55. Rxd1 Rxd1+ 56. Kg2 Rd5 57. Bb6 Ke7 58. Rc2 e5 59. Bc5+ Kd8 60. a6 Rd3 61. Ra2 1-0

[Event "Int SVK-ch Open 2020"]
[Site "Drienica"]
[Date "2020.08.07"]
[Round "1.8"]
[White "Panko, Eduard"]
[Black "Sedlak, Mikulas"]
[Result "1-0"]
[ECO "A02"]
[WhiteElo "1958"]
[BlackElo "1573"]
[Annotator "ChessBase"]
[PlyCount "87"]
[EventDate "2020.08.07"]
[EventType "swiss"]
[EventCountry "SVK"]
[SourceTitle "playchess.com"]
[Source "ChessBase"]
[SourceQuality "1"]
[TimeControl "40/5400+30:1800+30"]

1. f4 e5 2. d3 Nc6 3. Nf3 d6 4. Nc3 Bg4 5. e4 Nd4 6. Be2 Nxe2 7. Qxe2 Qd7 8. fxe5 Bxf3 9. Qxf3 dxe5 10. Be3 Bb4 11. O-O a6 12. a3 Bd6 13. Nd5 f6 14. c4 Ne7 15. Qh5+ Ng6 16. Rxf6 O-O-O 17. Rf2 Rdf8 18. Rxf8+ Bxf8 19. b4 Kb8 20. Qe2 Ne7 21. Rc1 Nc6 22. b5 Nd4 23. Bxd4 exd4 24. bxa6 b6 25. Qb2 Ka7 26. Qb5 Qxb5 27. cxb5 Bc5 28. Nxc7 Bxa3 29. Rf1 Rc8 30. Rf7 Kb8 31. Rxg7 Rxc7 32. Rxc7 Kxc7 33. Kf2 Bd6 34. h4 Kc8 35. Kf3 h5 36. g4 hxg4+ 37. Kxg4 Bb8 38. Kf5 Kd7 39. e5 Ke7 40. h5 Kf7 41. h6 Kf8 42. Kg6 Ke7 43. h7 Bxe5 44. a7 1-0

[Event "Int SVK-ch Open 2020"]
[Site "Drienica"]
[Date "2020.08.07"]
[Round "1.9"]
[White "Banoci Jaroslav"]
[Black "Kolesar Milan"]
[Result "0-1"]
[ECO "D02"]
[WhiteElo "1833"]
[BlackElo "2186"]
[Annotator "ChessBase"]
[PlyCount "58"]
[EventDate "2020.08.07"]
[EventType "swiss"]
[EventCountry "SVK"]
[SourceTitle "playchess.com"]
[Source "ChessBase"]
[SourceQuality "1"]
[TimeControl "40/5400+30:1800+30"]

1. d4 d5 2. Nf3 Nf6 3. Bf4 c5 4. e3 Qb6 5. Qc1 Nc6 6. c3 Bf5 7. Be2 e6 8. Nbd2 Be7 9. h3 h6 10. O-O O-O 11. Rd1 Rfc8 12. Nf1 a6 13. g4 Bg6 14. Ng3 Qd8 15. Bd3 Bxd3 16. Rxd3 Ne4 17. Ne2 f5 18. Ne5 Nxe5 19. Bxe5 Bh4 20. f3 Nf2 21. Rd2 Nxh3+ 22. Kg2 fxg4 23. fxg4 Nf2 24. Nf4 Nxg4 25. Bxg7 Qg5 26. Nxe6 Nxe3+ 27. Kh1 Qg4 28. Bxh6 Qf3+ 29. Kg1 Kf7 0-1

[Event "Int SVK-ch Open 2020"]
[Site "Drienica"]
[Date "2020.08.07"]
[Round "1.9"]
[White "Dragula, Miroslav"]
[Black "Sankova, Stella"]
[Result "0-1"]
[ECO "E32"]
[WhiteElo "1571"]
[BlackElo "1990"]
[Annotator "ChessBase"]
[PlyCount "92"]
[EventDate "2020.08.07"]
[EventType "swiss"]
[EventCountry "SVK"]
[SourceTitle "playchess.com"]
[Source "ChessBase"]
[SourceQuality "1"]
[TimeControl "40/5400+30:1800+30"]

1. d4 Nf6 2. c4 e6 3. Nc3 Bb4 4. Qc2 O-O 5. Nf3 b6 6. e3 Bb7 7. Be2 d6 8. O-O Bxc3 9. Qxc3 Ne4 10. Qc2 Nd7 11. Bd3 f5 12. Nd2 Ndf6 13. f3 Nxd2 14. Bxd2 Qe8 15. Rae1 Qh5 16. Re2 g5 17. Be1 Rf7 18. d5 exd5 19. Bxf5 Re8 20. cxd5 Nxd5 21. Bg4 Qh6 22. e4 Nf6 23. Bf5 Ba6 24. Bf2 Bxe2 25. Qxe2 Nh5 26. Qc4 Nf4 27. Qc6 Ref8 28. Rd1 Qf6 29. Qc2 Ne6 30. Qc4 Re8 31. Bg4 Qg6 32. Rd5 h5 33. Bf5 Qf6 34. g3 Kf8 35. Qb3 Ng7 36. Bd4 Qh6 37. Bh3 g4 38. Be3 Qe6 39. fxg4 Qxe4 40. Bf4 Qe1+ 41. Bf1 hxg4 42. Rd1 Qa5 43. Bc4 Re1+ 44. Kg2 Rfe7 45. Bd2 Qd5+ 46. Kf2 Qd4+ 0-1

[Event "Int SVK-ch Open 2020"]
[Site "Drienica"]
[Date "2020.08.07"]
[Round "1.10"]
[White "Hudak, Vasil"]
[Black "Kucik, Patrik"]
[Result "1-0"]
[ECO "C74"]
[WhiteElo "1984"]
[BlackElo "1561"]
[Annotator "ChessBase"]
[PlyCount "103"]
[EventDate "2020.08.07"]
[EventType "swiss"]
[EventCountry "SVK"]
[SourceTitle "playchess.com"]
[Source "ChessBase"]
[SourceQuality "1"]
[TimeControl "40/5400+30:1800+30"]

1. e4 e5 2. Nf3 Nc6 3. Bb5 a6 4. Ba4 d6 5. c3 Nf6 6. d3 Be7 7. O-O O-O 8. Nbd2 Bg4 9. h3 Bh5 10. Qe2 h6 11. Rd1 b5 12. Bb3 a5 13. Nf1 b4 14. Ng3 Bxf3 15. Qxf3 a4 16. Bd5 Qd7 17. Bxc6 Qxc6 18. Nf5 Qd7 19. Bxh6 g6 20. Nxe7+ Qxe7 21. Bxf8 Kxf8 22. d4 bxc3 23. bxc3 Nh5 24. g3 Qg5 25. Qg4 Qe7 26. Re1 Nf6 27. Qg5 Kg7 28. Re3 Rh8 29. g4 Qe6 30. d5 Qd7 31. Rae1 Nh7 32. Qh4 Nf6 33. Qg3 Qb5 34. Qf3 Qb2 35. Qe2 Qb8 36. Qc4 Qa7 37. Rb1 Nd7 38. Rb4 Nc5 39. Kg2 Qa8 40. Qf1 Qc8 41. f4 Qe8 42. Qf2 Qe7 43. Qg3 f6 44. Rf3 Ra8 45. h4 Nd7 46. g5 fxg5 47. Qxg5 Qe8 48. f5 Nf6 49. fxg6 Qxg6 50. Rxf6 Qxg5+ 51. hxg5 Rh8 52. Rb7 1-0

[Event "Int SVK-ch Open 2020"]
[Site "Drienica"]
[Date "2020.08.07"]
[Round "1.11"]
[White "Recky Norbert"]
[Black "Bochnicka Vladimir"]
[Result "0-1"]
[ECO "B31"]
[WhiteElo "1811"]
[BlackElo "2151"]
[Annotator "ChessBase"]
[PlyCount "70"]
[EventDate "2020.08.07"]
[EventType "swiss"]
[EventCountry "SVK"]
[SourceTitle "playchess.com"]
[Source "ChessBase"]
[SourceQuality "1"]
[TimeControl "40/5400+30:1800+30"]

1. e4 c5 2. Nf3 Nc6 3. Bb5 Nf6 4. Nc3 g6 5. O-O Bg7 6. Re1 O-O 7. d3 Nd4 8. Nxd4 cxd4 9. Ne2 e5 10. f4 d6 11. fxe5 dxe5 12. Bg5 h6 13. Bh4 Qb6 14. Bc4 Ng4 15. Bb3 Bf6 16. Bxf6 Qxf6 17. Rf1 Qh4 18. h3 Ne3 19. Qe1 Qg5 20. Rf2 Bxh3 21. g3 h5 22. Rh2 Be6 23. Qc1 Bg4 24. Qe1 Bxe2 25. Rxe2 h4 26. Kh2 hxg3+ 27. Qxg3 Qh5+ 28. Kg1 Kg7 29. Rh2 Qg4 30. Qxg4 Nxg4 31. Rh4 Ne3 32. Kf2 f5 33. Rah1 fxe4+ 34. Ke2 exd3+ 35. cxd3 Rh8 0-1

[Event "Int SVK-ch Open 2020"]
[Site "Drienica"]
[Date "2020.08.07"]
[Round "1.11"]
[White "Kapolkova, Greta"]
[Black "Sedlakova, Ivana"]
[Result "0-1"]
[ECO "B18"]
[WhiteElo "1545"]
[BlackElo "1983"]
[Annotator "ChessBase"]
[PlyCount "54"]
[EventDate "2020.08.07"]
[EventType "swiss"]
[EventCountry "SVK"]
[SourceTitle "playchess.com"]
[Source "ChessBase"]
[SourceQuality "1"]
[TimeControl "40/5400+30:1800+30"]

1. e4 c6 2. d4 d5 3. Nc3 dxe4 4. Nxe4 Bf5 5. Ng3 Bg6 6. Nf3 Nd7 7. Bd3 Ngf6 8. Bf4 Nd5 9. Be3 Qa5+ 10. Bd2 Qc7 11. Qe2 Bxd3 12. Qxd3 e6 13. Nf1 h6 14. Ne3 Nf4 15. Qb3 Be7 16. g3 Ng6 17. O-O O-O 18. Ng4 b6 19. Rfe1 c5 20. Nfe5 Ngxe5 21. Nxe5 cxd4 22. Ng6 fxg6 23. Qxe6+ Rf7 24. Qd5 Re8 25. Bf4 Qc8 26. Qe4 g5 27. Bd6 Nf6 0-1

[Event "Int SVK-ch Open 2020"]
[Site "Drienica"]
[Date "2020.08.07"]
[Round "1.12"]
[White "Pastir Stanislav"]
[Black "Holicky Miroslav"]
[Result "1-0"]
[ECO "B01"]
[WhiteElo "2145"]
[BlackElo "1805"]
[Annotator "RC"]
[PlyCount "107"]
[EventDate "2020.08.07"]
[EventType "swiss"]
[EventCountry "SVK"]
[SourceTitle "playchess.com"]
[Source "ChessBase"]
[SourceQuality "1"]
[TimeControl "40/5400+30:1800+30"]

1. e4 d5 2. exd5 Nf6 3. d4 Bg4 4. f3 Bf5 5. Bb5+ Nbd7 6. c4 e6 7. dxe6 Bxe6 8. d5 Bf5 9. Be3 Bb4+ 10. Nc3 O-O 11. Nge2 Ne5 12. Bd4 Nd3+ 13. Kf1 a6 14. Ba4 Nxb2 15. Qb3 Bxc3 16. Nxc3 Bd3+ 17. Kf2 Nxa4 18. Nxa4 Bxc4 19. Qxc4 b5 20. Qc6 bxa4 21. Bxf6 Qxf6 22. Qxf6 gxf6 23. Rac1 Rfd8 24. Rhd1 Rd7 25. Ke3 Rb8 26. Kd4 Rb6 27. Kc5 Kf8 28. Rb1 Rdd6 29. Re1 a3 30. Rxb6 Rxb6 31. Re3 h6 32. Rxa3 Ke7 33. Rb3 Rd6 34. a4 Kd7 35. Rb8 Ke7 36. f4 f5 37. g3 Kd7 38. Rf8 Ke7 39. Rc8 Kd7 40. Rb8 Ke7 41. a5 Kd7 42. Rg8 Ke7 43. Rb8 Kd7 44. Rb3 Ke7 45. Rd3 Kd7 46. Rd1 Ke7 47. Rd2 Kd7 48. Rd3 Ke7 49. Kd4 Kd7 50. Ke5 f6+ 51. Kxf5 c6 52. dxc6+ Kxc6 53. Rxd6+ Kxd6 54. Kxf6 1-0

[Event "Int SVK-ch Open 2020"]
[Site "Drienica"]
[Date "2020.08.07"]
[Round "1.12"]
[White "Lehocz, Jozsef"]
[Black "Strapec, Lukas"]
[Result "1-0"]
[ECO "B52"]
[WhiteElo "1981"]
[BlackElo "1517"]
[Annotator "ChessBase"]
[PlyCount "65"]
[EventDate "2020.08.07"]
[EventType "swiss"]
[EventCountry "SVK"]
[SourceTitle "playchess.com"]
[Source "ChessBase"]
[SourceQuality "1"]
[TimeControl "40/5400+30:1800+30"]

1. e4 c5 2. Nf3 d6 3. Bb5+ Bd7 4. Bxd7+ Nxd7 5. d4 cxd4 6. Qxd4 Ngf6 7. Nc3 g6 8. Bg5 Bg7 9. O-O O-O 10. Qd2 Rc8 11. Bh6 Qb6 12. Rab1 Nc5 13. Bxg7 Kxg7 14. Rfe1 Rfd8 15. Qg5 h6 16. Qf4 Qb4 17. a3 Qc4 18. Rbd1 Ne6 19. Qe3 Qc5 20. Nd4 Nxd4 21. Rxd4 Ng4 22. Qd2 Ne5 23. Nd5 e6 24. Ne3 d5 25. exd5 exd5 26. c3 Rd7 27. Nf5+ Kf6 28. Nxh6 g5 29. h4 Qd6 30. Qxg5+ Ke6 31. Qf5+ Ke7 32. Rxe5+ Kd8 33. Rexd5 1-0

[Event "Int SVK-ch Open 2020"]
[Site "Drienica"]
[Date "2020.08.07"]
[Round "1.13"]
[White "Harvan Tomas"]
[Black "Macko Michal"]
[Result "0-1"]
[ECO "B40"]
[WhiteElo "1796"]
[BlackElo "2142"]
[Annotator "ChessBase"]
[PlyCount "76"]
[EventDate "2020.08.07"]
[EventType "swiss"]
[EventCountry "SVK"]
[SourceTitle "playchess.com"]
[Source "ChessBase"]
[SourceQuality "1"]
[TimeControl "40/5400+30:1800+30"]

1. e4 c5 2. Nf3 e6 3. d4 cxd4 4. Nxd4 Nc6 5. Nc3 Qc7 6. Nxc6 bxc6 7. Bd3 Nf6 8. O-O Be7 9. Qe2 d5 10. b3 O-O 11. Bb2 Re8 12. Rae1 Bb7 13. f4 Bf8 14. Kh1 Nd7 15. exd5 cxd5 16. Nb5 Qb6 17. Rf3 Nc5 18. Bxh7+ Kxh7 19. Rh3+ Kg8 20. Qh5 f6 21. Bxf6 Ne4 22. Rxe4 dxe4 23. Bd4 Qc6 24. Qh7+ Kf7 25. Qh5+ Ke7 26. Qg5+ Kd7 27. Rc3 Be7 28. Rxc6 Bxg5 29. Rc7+ Kd8 30. Rxb7 Bxf4 31. Bxg7 Rb8 32. Bf6+ Kc8 33. Rxb8+ Kxb8 34. g3 Bd2 35. Nd6 e3 36. Bg5 Rd8 37. Kg2 Rxd6 38. Bf4 e2 0-1